 Dungeon Crawl Stone Soup version 0.16-a0-3154-g62f4276 (webtiles) character file.

400 jessie the Chopper (level 6, 0/41 HPs)
             Began as a Lacertilian Berserker on Jan 12, 2015.
             Was an Elder of Trog.
             Killed by nerve-wracking pain
             ... invoked by an orc priest
              (6 damage)
             ... on level 4 of the Dungeon.
             The game lasted 00:12:41 (2775 turns).

jessie the Chopper (Lacertilian Berserker)          Turns: 2775, Time: 00:12:41

Health: 0/41       AC:  9    Str: 19    XL:     6   Next: 54%
Magic:  5/5        EV:  9    Int:  7    God:    Trog [****..]
Gold:   249        SH:  9    Dex: 13    Spells: 0 memorised, 5 levels left

rFire  + . .     SeeInvis .     v - +0 war axe
rCold  . . .     Clarity  +     y - +0 ring mail
rNeg   . . .     SustAb   .     i - +0 shield
rPois  .         Gourm    .     (no helmet)
rElec  .         Spirit   .     (no cloak)
rCorr  .         Warding  .     r - +0 pair of gloves
rMut   .         Stasis   .     (no boots)
MR     .....                    d - amulet of clarity
Stlth  ++........               (no ring)
                                x - ring of protection from fire

@: exhausted, starving, slowed, very slow, not resistant to hostile
enchantments, unstealthy
A: strong connection with the divine, slimy green scales 2, camouflage 1
a: Burn Spellbooks, Berserk, Trog's Hand, Brothers in Arms, Renounce Religion


You were on level 4 of the Dungeon.
You worshipped Trog.
Trog was greatly pleased with you.
You were starving.

You visited 2 branches of the dungeon, and saw 5 of its levels.

You collected 249 gold pieces.

Inventory:

Hand weapons
 e - a +4 dagger of protection
 v - a +0 war axe (weapon)
 w - a +0 broad axe
Armour
 g - a cursed +0 plate armour
 i - a +0 shield (worn)
 r - a +0 pair of gloves (worn)
 y - a +0 ring mail (worn)
Jewellery
 d - an amulet of clarity (around neck)
 x - a ring of protection from fire (left hand)
 z - an uncursed amulet of stasis
Magical devices
 s - a wand of magic darts (13)
Scrolls
 h - 7 scrolls of identify {unknown}
 k - 6 scrolls of teleportation {unknown}
 l - 2 scrolls of recharging {unknown}
 n - 2 scrolls of amnesia {unknown}
 p - a scroll of random uselessness {unknown}
 q - a scroll of enchant armour {unknown}
 t - 2 scrolls of blinking {unknown}
 u - a scroll of noise {unknown}
 A - 2 scrolls of magic mapping {unknown}
 C - a scroll of fog {unknown}
 D - 3 scrolls of remove curse {unknown}
Potions
 a - 2 potions of brilliance
 b - a potion of resistance {unknown}
 j - a potion of magic {unknown}
 o - a potion of invisibility {unknown}
 B - a potion of cure mutation {unknown}
Comestibles
 c - 4 bread rations
 f - 7 meat rations
 m - 2 beef jerkies


   Skills:
 - Level 2.4 Fighting
 * Level 5.5 Axes
 + Level 3.2 Armour
 - Level 2.0 Dodging
 + Level 3.1 Shields


You had 5 spell levels left.
You didn't know any spells.

Dungeon Overview and Level Annotations

Branches:
Dungeon (4/15)             Temple (1/1) D:4

Altars:
Cheibriados
Dithmenos
Elyvilon
Fedhas
Gozag
Makhleb
Qazlal
Ru
Sif Muna
Vehumet
Xom
Zin
The Shining One
Lugonu

Shops:
D:3 *


Innate Abilities, Weirdness & Mutations

You have a strong connection with the divine.
You may change religions without suffering divine wrath.
You are mostly covered in slimy green scales (AC +3).
Your skin changes colour to match your surroundings (Stealth).


Message History

You miss something. You closely miss something.
Your tail-slap misses something.
Something hits you but does no damage.
You miss something.
Your tail-slap misses something.
Something hits you but does no damage.
Your shield prevents you from hitting something.
You slice something!! Something hits you but does no damage.
The magic dart hits something.
Reactivating autopickup.
You feel a bit more experienced.
You are no longer berserk.
You are exhausted.
You feel yourself slow down.
You are starving!
Something hits you.
* * * LOW HITPOINT WARNING * * *
Deactivating autopickup; reactivate with Ctrl-A.
The orc priest invokes the aid of Beogh against you.
Pain shoots through your body!
You die...

....# .##.# .##.####
.##....# # .###.(.#(# ##
.......#.# .#####
#####.##.# .....
#####....########o.###.#
................@{>....#
######.#######.#########
#..# #.# ##.## #.# ####
#..# #.#
...#####[#####.#
##.#.........#.#
...#.........#.#
####.........#.#


You could see an orc priest.

Vanquished Creatures
  The ghost of heteroy the Cutter, an average LaCK of Xom (D:4)
  A scorpion (D:4)
  A hound (D:4)
  An orc priest (D:4)
  5 adders
  2 giant mites
  A worm (D:3)
  A giant gecko (D:1)
  2 oozes
  An orc (D:3)
  3 ball pythons
  A bat skeleton (D:4)
  A giant cockroach (D:2)
  8 hobgoblins
  8 jackals
  A quokka (D:2)
  9 bats
  2 giant newts
  3 goblins
  9 kobolds
  15 rats
76 creatures vanquished.

Vanquished Creatures (others)
  An orc wizard (D:4)
1 creature vanquished.

Grand Total: 77 creatures vanquished

Notes
Turn   | Place    | Note
--------------------------------------------------------------
     0 | D:1      | jessie, the Lacertilian Berserker, began the quest for the Orb.
     0 | D:1      | Reached XP level 1. HP: 15/15 MP: 1/1
   179 | D:1      | Reached skill level 3 in Axes
   267 | D:1      | Reached XP level 2. HP: 13/20 MP: 2/2
   289 | D:1      | Acquired Trog's second power
   729 | D:1      | Reached XP level 3. HP: 15/25 MP: 3/3
  1058 | D:2      | Reached skill level 1 in Shields
  1059 | D:2      | Reached skill level 4 in Axes
  1140 | D:2      | Found a white marble altar of Elyvilon.
  1262 | D:2      | Found a glowing silver altar of Zin.
  1262 | D:2      | Found a radiant altar of Vehumet.
  1263 | D:2      | Found a deep blue altar of Sif Muna.
  1549 | D:2      | Found a sacrificial altar of Ru.
  1585 | D:2      | Reached XP level 4. HP: 30/30 MP: 3/3
  1618 | D:2      | Found a glowing golden altar of the Shining One.
  1836 | D:3      | Found Gozag's Nutrition Petition.
  1836 | D:3      | Found an opulent altar of Gozag.
  1866 | D:3      | Acquired Trog's third power
  2378 | D:4      | Noticed heteroy's ghost (average LaCK)
  2388 | D:4      | Killed heteroy's ghost
  2388 | D:4      | Reached skill level 5 in Axes
  2388 | D:4      | Reached XP level 5. HP: 35/35 MP: 4/4
  2443 | D:4      | Found a staircase to the Ecumenical Temple.
  2452 | Temple   | Entered the Ecumenical Temple
  2563 | D:4      | Reached XP level 6. HP: 16/41 MP: 5/5
  2775 | D:4      | Killed from afar by an orc priest

Action                   |  1- 3 |  4- 6 || total
-------------------------+-------+-------++-------
Melee: Hand axe          |   128 |    30 ||   158
       War axe           |       |   105 ||   105
Invok: Trog's Hand       |     1 |     3 ||     4
       Berserk           |     1 |     2 ||     3
  Use: Potion            |       |     1 ||     1
 Stab: Sleeping          |     8 |       ||     8
  Eat: Chunk             |     2 |     4 ||     6
       Fruit             |       |     2 ||     2
